 Dungeon Crawl Stone Soup version 0.25-a0-603-g0321be95db (webtiles) character file.

Game seed: 545479564395703879, levelgen mode: deterministic

3 An17 the Skirmisher (level 1, -2/21 HPs)
             Began as a Demonspawn Wanderer on Mar 16, 2020.
             Slain by a hobgoblin (3 damage)
             ... on level 1 of the Dungeon.
             The game lasted 00:00:50 (97 turns).

An17 the Skirmisher (Demonspawn Wanderer)             Turns: 97, Time: 00:00:51

Health: -2/21      AC:  2    Str: 12    XL:     1   Next: 41%
Magic:  1/1        EV: 11    Int: 13    God:
Gold:   14         SH:  0    Dex: 12    Spells: 0/0 levels left

rFire    . . .     SeeInvis .   a - +2 spear
rCold    . . .     Gourm    .   (no shield)
rNeg     . . .     Faith    .   e - +0 robe
rPois    .         Spirit   .   (no helmet)
rElec    .         Reflect  .   (no cloak)
rCorr    .         Harm     .   (no gloves)
MR       .....                  (no boots)
Stlth    +.........             (no amulet)
HPRegen  0.07/turn              (no ring)
MPRegen  0.07/turn              (no ring)

@: no status effects
A: no striking features
a: no special abilities


You were on level 1 of the Dungeon.
You were not hungry.

You visited 1 branch of the dungeon, and saw 1 of its levels.

You collected 14 gold pieces.

Inventory:

Hand Weapons
 a - a +2 spear (weapon)
Missiles
 c - 13 poisoned darts (quivered)
Armour
 e - a +0 robe (worn)
Potions
 b - a potion of resistance {unknown}
 d - a potion of flight {unknown}
Comestibles
 f - a ration


   Skills:
 + Level 5.1 Fighting
 - Level 1.0 Throwing
   Level 1.0 Shields
   Level 1.0 Conjurations
   Level 2.1 Necromancy


You couldn't memorise any spells.
You didn't know any spells.
Your spell library contained the following spells:

 Spells                   Type           Power        Failure   Level  Hunger
 Passwall                 Tmut/Erth      #.......     43%         2    ###....
 Sticks to Snakes         Tmut           #.......     43%         2    ###....


Dungeon Overview and Level Annotations

Branches:
Dungeon (1/15)

Altars:


Message History

The bat closely misses you. The hobgoblin hits you.
The kobold barely misses you.
You completely miss the hobgoblin.
The hobgoblin is lightly wounded.
The bat hits you but does no damage. The hobgoblin hits you.
The kobold hits you.
* * * LOW HITPOINT WARNING * * *
You are too injured to fight recklessly!
You are too injured to fight recklessly!
You hit the kobold but do no damage.
The hobgoblin hits you but does no damage.
The kobold closely misses you. The bat hits you.
* * * LOW HITPOINT WARNING * * *
You hit the kobold but do no damage. The bat hits you.
* * * LOW HITPOINT WARNING * * *
The hobgoblin closely misses you. The bat hits you but does no damage.
The kobold hits you.
* * * LOW HITPOINT WARNING * * *
The bat barely misses you. The hobgoblin hits you.
You die...

#### ###########
#.....#........♣ .#
.....#......... ..##
....#.......#
#...####.#.#.).....#♣
#..................#
#.....#..##.b.......
#..........@(....=# ###
#.....#.###.gK...##
(.#####......# ###....>..
.........###.# .......
#......#.# #.####.#......
#......#.# #......#......
#..#...#.###..#####......
#.###..#.........##......
#.###..#..........#..


You could see a hobgoblin, a bat and a kobold.

Vanquished Creatures
  A giant cockroach (D:1)
  A goblin (D:1)
  A ball python (D:1)
3 creatures vanquished.

Notes
Turn   | Place    | Note
-------+----------+-------------------------------------------
     0 | D:1      | An17 the Demonspawn Wanderer began the quest for the Orb.
     0 | D:1      | An17 set off with the following items: a +2 spear, 13
                  | poisoned darts, a +0 dagger, a +0 robe, a ration; and the
                  | following spells available to memorise: Passwall, Sticks to
                  | Snakes
     0 | D:1      | Reached XP level 1. HP: 21/21 MP: 1/1
    96 | D:1      | HP: 1/21 [kobold (1)]
    97 | D:1      | Slain by a hobgoblin

Levels and vault maps discovered:
D:1:      heliophobic_arrival_ceremonial_halls, layout_rooms, serial_forest,
          infiniplex_forest_corner_2, infiniplex_forest_clump_cross,
          infiniplex_forest_straight_4, infiniplex_forest_diagonal,
          infiniplex_forest_clump_tiny, infiniplex_forest_end_2,
          infiniplex_forest_clump_small

Action                   || total
-------------------------++-------
Melee: Spear             ||    16
Armor: Robe              ||     7
Dodge: Dodged            ||    19

Table legend:
 A = Non-vault XP
 B = Vault XP
 C = Vault XP percentage of total XP
 D = Non-vault monster count
 E = Vault monster count
 F = Vault count percentage of total count
                 A         B        C        D         E       F
            +---------+---------+-------+---------+---------+-------
      Total |       5 |       0 |   0.0 |       3 |       0 |   0.0
            +---------+---------+-------+---------+---------+-------
        D:1 |       5 |       0 |   0.0 |       3 |       0 |   0.0
            +---------+---------+-------+---------+---------+-------
